 Dungeon Crawl Stone Soup version 0.29-a0-878-g7b45a56547 (webtiles) character file.

Game seed: 17998498516501190685

130 porpoise the Insei (level 5, -3/41 HPs)
             Began as a Merfolk Transmuter on July 20, 2022.
             Slain by an orc
             ... wielding a +0 flail
              (7 damage)
             ... on level 3 of the Dungeon.
             The game lasted 00:07:49 (2491 turns).

porpoise the Insei (Merfolk Transmuter)             Turns: 2491, Time: 00:07:49

Health: -3/41      AC:  4    Str: 13    XL:     5   Next: 14%
Magic:  8/8        EV: 12    Int: 12    God:
Gold:   118        SH:  0    Dex: 14    Spells: 5/8 levels left

rFire   . . .      SeeInvis .     - Unarmed
rCold   . . .      Faith    .   (no shield)
rNeg    . . .      Spirit   .   e - +1 leather armour {rPois}
rPois   +          Reflect  .   (no helmet)
rElec   .          Harm     .   (no cloak)
rCorr   .          Rampage  .   (no gloves)
Will    .....                   (no boots)
Stlth   +.........              (no amulet)
HPRegen 0.13/turn               m - ring of flight
MPRegen 0.11/turn               (no ring)

@: mighty, flying
A: (nimble swimmer 2), mertail
a: no special abilities


You were on level 3 of the Dungeon.
You visited 1 branch of the dungeon, and saw 3 of its levels.

You collected 118 gold pieces.

Inventory:

Hand Weapons
 b - a +0 sling
 w - a +1 dagger of electrocution
Missiles
 d - 5 poisoned darts (quivered)
Armour
 e - a +1 leather armour of poison resistance (worn)
 k - the +1 ring mail of Altruism {*Corrode Dex+9}
   (You found it on level 2 of the Dungeon)

   Dex:       It affects your dexterity (+9).
   *Corrode:  It may corrode you when you take damage.
Jewellery
 h - an amulet of guardian spirit
 m - a ring of flight (left hand)
Scrolls
 a - 2 scrolls of identify {unknown}
 c - a scroll of magic mapping {unknown}
 g - a scroll of noise {unknown}
 n - a scroll of enchant weapon {unknown}
 q - a scroll of summoning {unknown}
Potions
 f - a potion of resistance {unknown}
 i - a potion of might
 j - 2 potions of curing {unknown}
 l - a potion of heal wounds {unknown}
 o - a potion of berserk rage {unknown}
 p - a potion of haste {unknown}


   Skills:
 + Level 3.1 Fighting
 - Level 2.6 Dodging
 + Level 4.4 Unarmed Combat
 - Level 2.0 Spellcasting
 + Level 4.4 Transmutations


You had 5 spell levels left.
You knew the following spells:

 Your Spells              Type           Power      Damage    Failure   Level
a - Beastly Appendage     Tmut           22%        N/A       5%          1
w - Wereblood             Tmut           11%        N/A       9%          2

Your spell library contained the following spells:

 Spells                   Type           Power      Damage    Failure   Level
 Spider Form              Tmut/Pois      6%         N/A       38%         3
 Portal Projectile        Hex/Tloc       2%         N/A       71%         3
 Tukima's Dance           Hex            1%         N/A       71%         3
 Ice Form                 Ice/Tmut       6%         N/A       80%         4
 Blade Hands              Tmut           5%         N/A       83%         5


Dungeon Overview and Level Annotations

Branches:
Dungeon (3/15)

Altars:
Ashenzari


Innate Abilities, Weirdness & Mutations

((You are very nimble when in or above water. (Stealth+, EV+, Speed+++)))
Your lower body shifts to a powerful aquatic tail in water.


Message History

You kill the orc!
You hit the orc priest.
The orc priest is lightly wounded.
The orc priest closely misses you.
You hit the orc priest but do no damage.
The orc priest barely misses you.
You hit the orc priest.
The orc priest is lightly wounded.
The orc priest mumbles some strange prayers to Beogh against you.
Pain shoots through your body!
* * * LOW HITPOINT WARNING * * *
You punch the orc priest!
The orc priest is severely wounded.
The orc priest hits you with a +0 flail.
* * * LOW HITPOINT WARNING * * *
It was a potion of might.
You feel very mighty all of a sudden. The orc priest closely misses you.
You barely miss the orc priest.
The orc priest is severely wounded.
The orc priest hits you but does no damage.
You punch the orc priest!
You kill the orc priest!
Your Fighting skill increases to level 3!
You have reached level 5!
You feel stronger.
The orc shouts!
You punch the orc!
You kill the orc!
You hear a shout!
An orc comes into view. It is wielding a +0 flail.
You hit the orc.
The orc is severely wounded.
The orc closely misses you.
You punch the orc!
You kill the orc!
You closely miss the orc. The orc closely misses you.
You barely miss the orc. The orc hits you but does no damage.
You barely miss the orc. The orc hits you with a +0 flail!
You die...

## #.# ##.#
#..
##...##.#
#...o.#.#
[.o.....#
#.# #.# #o#
#.# #@# #.#
#.# #.# #.#
#.# #.# #.#
#.# #.#
#.########.#
#..........#
##########.#
########.# #


You could see an orc.

Vanquished Creatures
  An orc priest (D:3)
  A gnoll (D:1)
  3 adders (D:2)
  2 worms (D:2)
  4 dart slugs
  3 orcs (D:3)
  5 endoplasms
  2 giant cockroaches
  2 goblins (D:2)
  4 hobgoblins (D:1)
  A quokka (D:1)
  2 ball pythons
  3 bats
  2 frilled lizards (D:2)
  9 kobolds
  6 rats
50 creatures vanquished.

Vanquished Creatures (others)
  3 plants (D:2)
3 creatures vanquished.

Grand Total: 53 creatures vanquished

Notes
Turn   | Place    | Note
-------+----------+-------------------------------------------
     0 | D:1      | porpoise the Merfolk Transmuter began the quest for the
                  | Orb.
     0 | D:1      | Reached XP level 1. HP: 15/15 MP: 3/3
   154 | D:1      | Reached XP level 2. HP: 19/21 MP: 5/5
   204 | D:1      | Found a faded altar of an unknown god.
   230 | D:1      | Learned a level 2 spell: Wereblood
   921 | D:1      | Reached XP level 3. HP: 5/27 MP: 6/6
  1325 | D:2      | Identified the +1 ring mail of Altruism {*Corrode Dex+9}
  1842 | D:2      | Reached XP level 4. HP: 25/34 MP: 7/7
  2437 | D:3      | Found a broken altar of Ashenzari.
  2483 | D:3      | Reached XP level 5. HP: 3/41 MP: 8/8
  2491 | D:3      | Slain by an orc

Illustrated notes

Levels and vault maps discovered:
D:1:      lemuel_arrival_river_bridge, layout_rooms,
          shapermc_ecumenical_altar_totnotflames, kennysheep_pointless_box,
          st_stairs_10
D:2:      layout_loops_ring, lexackson_kobold_supper
D:3:      layout_loops_ring, cheibrodos_ashenzari_chains,
          grunt_dithmenos_smoke_and_mirrors, mainiacjoe_overflow_cross_hatched,
          uniq_sigmund

Skill      XL: |  1  2  3  4 |
---------------+-------------+-----
Transmutations | 3 4 |  4.4
Fighting       | 2 3 |  3.1
Unarmed Combat | 4 |  4.4
Dodging        | |  2.6
Spellcasting   | |  2.0

Action                   |  1- 3 |  4- 6 || total
-------------------------+-------+-------++-------
Melee: Unarmed           |    54 |    43 ||    97
       Headbutt          |     4 |     2 ||     6
       Dagger            |    30 |     1 ||    31
       Punch             |     2 |     2 ||     4
 Fire: Sling             |    10 |    18 ||    28
Throw: Dart              |     4 |     1 ||     5
 Cast: Beastly Appendage |     4 |     1 ||     5
       Wereblood         |       |     1 ||     1
  Use: Potion            |     1 |     1 ||     2
Armor: Robe              |     2 |       ||     2
       Leather armour    |    11 |    11 ||    22
       Skin              |     3 |       ||     3
Dodge: Dodged            |    41 |    19 ||    60

Table legend: (Time is in decaauts)
 A = Elapsed time spent in this place.
 B = Non-inter-level travel time spent in this place.
 C = Inter-level travel time spent in this place.
 D = Time resting spent in this place.
 E = Time spent auto-exploring this place.
 F = Levels seen in this place.
 G = Mean time per level.
                   A        B        C        D        E       F      G
               +--------+--------+--------+--------+--------+-----+--------+
         Total |   2465 |   2406 |     59 |    972 |   1043 |   3 |  821.7 |
       Dungeon |   2465 |   2406 |     59 |    972 |   1043 |   3 |  821.7 |
               +--------+--------+--------+--------+--------+-----+--------+

Top non-repeatable levels by time:
     D:1: 1287 daAuts
     D:2: 1120 daAuts
     D:3: 57 daAuts
